 Dungeon Crawl Stone Soup version 0.31-a0-1008-g5b978dac0e (webtiles) character file.

Game seed: 9405583690028260359

(classic levelgen) 1421 Amnesiac the Thaumaturge (level 9, -2/55 HPs)
             Began as a Djinni Necromancer on Nov 12, 2023.
             Slain by an adder (4 damage)
             ... on level 6 of the Dungeon.
             The game lasted 00:10:50 (4123 turns).

Amnesiac the Thaumaturge (Djinni Necromancer)       Turns: 4123, Time: 00:10:51

Health: -2/55      AC:  3    Str:  7    XL:     9   Next: 2%
Gold:   271        EV: 12    Int: 21    God:
                   SH:  0    Dex: 14

rFire   + + .        a - +2 whip (elec)
rCold   x . .        i - orb {guile}
rNeg    . . .        D - +0 robe
rPois   ∞            p - +0 helmet
rElec   .            (no cloak)
rCorr   .            (no gloves)
SInv    +            (boots unavailable)
Will    .....        (no amulet)
Stlth   ++           e - ring of wizardry
HPRegen 0.29/turn    y - ring of see invisible
MPRegen 0.00/turn

%: wizardry (x1), infuse magic (-3 HP)
@: flying
A: sickness immunity, fire resistance 2, cold vulnerability 1, float, innate
caster, HP casting, extra vitality 1
a: no special abilities


You were on level 6 of the Dungeon.
You visited 1 branch of the dungeon, and saw 6 of its levels.

You collected 271 gold pieces.

Inventory:

Hand Weapons
 a - a +2 whip of electrocution (weapon)
 b - a +1 whip of draining
Armour
 i - an orb of guile (worn)
 p - a +0 helmet (worn)
 D - a +0 robe (worn)
Jewellery
 e - a ring of wizardry (left hand)
 y - a ring of see invisible (right hand)
 A - a ring of ice
Talismans
 c - a flux talisman
Wands
 F - a wand of light (6)
Scrolls
 g - a scroll of vulnerability {!r, unknown}
 h - 3 scrolls of identify {!r, unknown}
 j - 5 scrolls of teleportation {!r, unknown}
 m - a scroll of brand weapon {!r, unknown}
 o - a scroll of immolation {!r, unknown}
 r - 2 scrolls of torment {!r, unknown}
 t - 2 scrolls of fog {!r, unknown}
 u - a scroll of revelation {!r, unknown}
 w - 2 scrolls of fear {!r, unknown}
 z - a scroll of noise {!r, unknown}
 C - a scroll of poison {!r, unknown}
 E - a scroll of enchant armour {!r, unknown}
Potions
 d - 2 potions of haste {!q, unknown}
 f - 2 potions of magic {!q, unknown}
 k - a potion of mutation {!q, unknown}
 l - a potion of might {!q, unknown}
 n - 2 potions of heal wounds {!q, unknown}
 q - a potion of invisibility {!q, unknown}
 s - a potion of berserk rage {!q, unknown}
 v - 2 potions of cancellation {!q, unknown}
 x - a potion of curing {!q, unknown}
 B - a potion of resistance {!q, unknown}
 G - a potion of attraction {!q, unknown}


   Skills:
 - Level 2.1 Dodging
 - Level 1.5 Stealth
 + Level 8.6 Spellcasting
 + Level 8.6 Conjurations
 + Level 8.6 Hexes
   Level 0.0 Charms
 + Level 8.6 Summonings
 + Level 8.6 Necromancy
 + Level 8.6 Translocations
 + Level 8.6 Transmutations
 + Level 8.6 Fire Magic
 + Level 8.6 Ice Magic
 + Level 8.6 Air Magic
 + Level 8.6 Earth Magic
 + Level 8.6 Poison Magic


You knew the following spells:

 Your Spells              Type           Power      Damage    Failure   Level
a - Necrotise             Necr           100%       1d9       1%          1
b - Animate Dead          Necr           45%        N/A       1%          4
c - Agony                 Necr           45%        N/A       2%          5
d - Vampiric Draining     Necr           45%        2d9       1%          3
e - Sandblast             Erth           90%        2d19      1%          1
f - Gell's Gravitas       Tloc           45%        N/A       1%          3
g - Brom's Barrelling Bo  Conj/Erth      45%        2d6       1%          4
v - Blink                 Tloc           90%        N/A       1%          2
Your spell library was empty.

Dungeon Overview and Level Annotations

Branches:
Dungeon (6/15)             Temple (0/1) D:6

Altars:
Qazlal


Innate Abilities, Weirdness & Mutations

You are immune to sickness and miasma.
You are immune to poison.
Your flesh is very heat resistant. (rF++)
You are vulnerable to cold. (rC-)
You float through the air rather than walking.
You learn spells naturally, not from books.
Your magical power is your life essence.
You have superior vitality. (+4 MHP)


Message History

Found 3 poisoned darts.
An adder comes into view.
Casting: Sandblast (safe; 1% risk of failure)
Confirm with . or Enter, or press ? or * to list all spells.
Aiming: Sandblast (safe; 1% risk of failure)
Press: ? - help, Shift-Dir - straight line, f - ice beast
Aim: an ice beast (85% to hit)
The blast of sand misses the ice beast.
Casting: Sandblast (safe; 1% risk of failure)
Confirm with . or Enter, or press ? or * to list all spells.
Aiming: Sandblast (safe; 1% risk of failure)
Press: ? - help, Shift-Dir - straight line, f/p - ice beast
Aim: an ice beast (85% to hit)
The blast of sand hits the ice beast.
The ice beast is lightly wounded.
Casting: Sandblast (safe; 1% risk of failure)
Confirm with . or Enter, or press ? or * to list all spells.
Aiming: Sandblast (safe; 1% risk of failure)
Press: ? - help, Shift-Dir - straight line, f/p - ice beast
Aim: an ice beast (lightly wounded, 85% to hit)
The blast of sand misses the ice beast.
The adder hisses angrily.
The ice beast hits you. The ice beast freezes you!
You feel a terrible chill!
A jelly comes into view.
Casting: Sandblast (safe; 1% risk of failure)
Confirm with . or Enter, or press ? or * to list all spells.
Aiming: Vampiric Draining (safe; 1% risk of failure)
Press: ? - help, Shift-Dir - straight line, f/p - ice beast
Aim: an ice beast (lightly wounded)
You draw life force from the ice beast.
You feel life coursing into your body.
The jelly quivers.
The ice beast hits you. The ice beast freezes you!
You feel a terrible chill!
* * * LOW HITPOINT WARNING * * *
Casting: Vampiric Draining (safe; 1% risk of failure)
Confirm with . or Enter, or press ? or * to list all spells.
Aiming: Vampiric Draining (safe; 1% risk of failure)
Press: ? - help, Shift-Dir - straight line, f/p - ice beast
Aim: an ice beast (lightly wounded)
You draw life force from the ice beast!
You feel life coursing into your body.
* * * LOW HITPOINT WARNING * * *
The ice beast hits you but does no damage.
The adder bites you but does no damage.
Casting: Vampiric Draining (safe; 1% risk of failure)
Confirm with . or Enter, or press ? or * to list all spells.
Aiming: Vampiric Draining (safe; 1% risk of failure)
Press: ? - help, Shift-Dir - straight line, f/p - ice beast
Aim: an ice beast (heavily wounded)
You draw life force from the ice beast!
You feel life coursing into your body.
* * * LOW HITPOINT WARNING * * *
The adder closely misses you. The ice beast hits you.
* * * LOW HITPOINT WARNING * * *
The ice beast freezes you!
You feel a terrible chill!
* * * LOW HITPOINT WARNING * * *
Casting: Vampiric Draining (safe; 1% risk of failure)
Confirm with . or Enter, or press ? or * to list all spells.
Aiming: Vampiric Draining (safe; 1% risk of failure)
Press: ? - help, Shift-Dir - straight line, f/p - ice beast
Aim: an ice beast (almost dead)
You draw life force from the ice beast!
You kill the ice beast!
You feel life coursing into your body.
* * * LOW HITPOINT WARNING * * *
The adder bites you but does no damage. The adder bites you.
You die...

.># #### #.# # ...
...####.### ##. #.#
#.......<#
.##..###.#########.###
...................#
..#.#.#.#.#.######.#
.....JS..........#.#
..#....@(.#.####.#.#
#...........# #.#
#.#...>...#.# #.#
#.(............ #.#
..#.......#.### .#
#.............
#.#.#.#.#.#.###
#...........#


You could see a jelly and an adder.

Vanquished Creatures
  Grinder (D:3)
  2 black bears (D:5)
  An ice beast (D:6)
  3 ogres (D:5)
  A phantom (D:5)
  A scorpion (D:6)
  2 jellies
  A hound (D:4)
  3 sleepcaps (D:5)
  A gnoll bouda (D:5)
  Natasha (thrice) (D:2)
  3 iguanas
  Robin (D:2)
  5 adders
  8 gnolls
  7 river rats (D:5)
  A white imp (D:5)
  2 ufetubi (D:5)
  2 worms
  2 dart slugs
  4 orcs
  5 endoplasms
  3 giant cockroaches
  13 goblins
  4 hobgoblins
  15 quokkas
  7 ball pythons
  4 bats
  4 frilled lizards
  8 kobolds
  17 rats
134 creatures vanquished.

Vanquished Creatures (collateral kills)
  A ball python (D:1)
  4 rats (D:5)
5 creatures vanquished.

Grand Total: 139 creatures vanquished

Notes
Turn   | Place    | Note
-------+----------+-------------------------------------------
     0 | D:1      | Amnesiac the Djinni Necromancer began the quest for the
                  | Orb.
     0 | D:1      | Amnesiac set off with the following spells memorised:
                  | Necrotise, Vampiric Draining, Animate Dead, Agony.
     0 | D:1      | Reached XP level 1. HP: 15/15 MP: 0/0
   211 | D:1      | Reached XP level 2. HP: 20/21 MP: 0/0
   503 | D:1      | Reached XP level 3. HP: 24/25 MP: 0/0
   503 | D:1      | Learned a level 1 spell: Sandblast
   648 | D:1      | Found a faded altar of an unknown god.
   955 | D:2      | Reached XP level 4. HP: 26/31 MP: 0/0
   995 | D:2      | Noticed Robin
  1019 | D:2      | Killed Robin
  1032 | D:2      | Noticed Natasha
  1280 | D:2      | Reached XP level 5. HP: 33/35 MP: 0/0
  1280 | D:2      | Learned a level 2 spell: Blink
  1391 | D:2      | Killed Natasha
  1429 | D:2      | Noticed Natasha
  1434 | D:2      | Killed Natasha
  1435 | D:2      | Reached skill level 5 in Spellcasting
  1435 | D:2      | Reached skill level 5 in Conjurations
  1435 | D:2      | Reached skill level 5 in Hexes
  1435 | D:2      | Reached skill level 5 in Summonings
  1435 | D:2      | Reached skill level 5 in Necromancy
  1435 | D:2      | Reached skill level 5 in Translocations
  1435 | D:2      | Reached skill level 5 in Transmutations
  1435 | D:2      | Reached skill level 5 in Fire Magic
  1435 | D:2      | Reached skill level 5 in Ice Magic
  1435 | D:2      | Reached skill level 5 in Air Magic
  1435 | D:2      | Reached skill level 5 in Earth Magic
  1435 | D:2      | Reached skill level 5 in Poison Magic
  1477 | D:2      | Noticed Natasha
  1482 | D:2      | Killed Natasha
  1703 | D:3      | Noticed Grinder
  1717 | D:3      | Killed Grinder
  1718 | D:3      | Reached XP level 6. HP: 38/40 MP: 0/0
  2060 | D:3      | Reached XP level 7. HP: 45/45 MP: 0/0
  2060 | D:3      | Learned a level 3 spell: Gell's Gravitas
  2899 | D:5      | Entered Level 5 of the Dungeon
  3185 | D:5      | Found a stormy altar of Qazlal.
  3191 | D:5      | Reached XP level 8. HP: 22/50 MP: 0/0
  4107 | D:6      | Reached XP level 9. HP: 53/55 MP: 0/0
  4107 | D:6      | Learned a level 4 spell: Brom's Barrelling Boulder
  4110 | D:6      | Found a staircase to the Ecumenical Temple.
  4123 | D:6      | Slain by an adder

Illustrated notes

Levels and vault maps discovered:
D:1:      dpeg_arrival_short_road, layout_loops_ring,
          dilly_ecumenical_altar_fadedgnrine
D:2:      layout_rooms, kennysheep_generic_room_6, uniq_natasha, uniq_robin
D:3:      layout_loops_ring, amcnicky_mini_rare_corridor_liquid,
          minmay_misc_feat_ornament, dreamdust_princess_corridor,
          uniq_crazy_yiuf_cottage, uniq_grinder
D:4:      layout_cave_pools
D:5:      lemuel_ratsnest, layout_basic, mainiacjoe_overflow_surrounded_room,
          serial_rivers, chequers_serial_rivers_micro_e,
          chequers_serial_rivers_small_a, chequers_serial_rivers_marsh,
          chequers_serial_rivers_micro_e
D:6:      layout_basic, minmay_temple_entry_glass, serial_shops,
          nicolae_shop_behind_doors, kennysheep_generic_room_7

Skill      XL: |  1  2  3  4  5  6  7  8 |
---------------+-------------------------+-----
Spellcasting   | 4 6 7 8 |  8.6
Conjurations   | 4 6 7 8 |  8.6
Hexes          | 4 6 7 8 |  8.6
Summonings     | 4 6 7 8 |  8.6
Necromancy     | 4 6 7 8 |  8.6
Translocations | 4 6 7 8 |  8.6
Transmutations | 4 6 7 8 |  8.6
Fire Magic     | 4 6 7 8 |  8.6
Ice Magic      | 4 6 7 8 |  8.6
Air Magic      | 4 6 7 8 |  8.6
Earth Magic    | 4 6 7 8 |  8.6
Poison Magic   | 4 6 7 8 |  8.6
Dodging        | |  2.1
Stealth        | |  1.5

Action                     |  1- 3 |  4- 6 |  7- 9 || total
---------------------------+-------+-------+-------++-------
  Melee: Unarmed           |     1 |       |       ||     1
         Whip              |       |       |     5 ||     5
   Cast: Necrotise         |    63 |    36 |    63 ||   162
         Sandblast         |       |     8 |    62 ||    70
         Vampiric Draining |       |     3 |    28 ||    31
         Gell's Gravitas   |       |       |     3 ||     3
         Agony             |       |       |     1 ||     1
Ability: Begin Untransform |       |     1 |       ||     1
 Armour: Robe              |     3 |     8 |    44 ||    55
  Dodge: Dodged            |     2 |     4 |    28 ||    34
   Form: Flux              |       |     2 |       ||     2
                           |       |     1 |       ||     1

Table legend: (Time is in decaauts)
 A = Elapsed time spent in this place.
 B = Non-inter-level travel time spent in this place.
 C = Inter-level travel time spent in this place.
 D = Time resting spent in this place.
 E = Time spent auto-exploring this place.
 F = Levels seen in this place.
 G = Mean time per level.
                   A        B        C        D        E       F      G
               +--------+--------+--------+--------+--------+-----+--------+
         Total |   4170 |   4033 |    137 |    383 |   2740 |   6 |  695.0 |
       Dungeon |   4170 |   4033 |    137 |    383 |   2740 |   6 |  695.0 |
               +--------+--------+--------+--------+--------+-----+--------+

Top non-repeatable levels by time:
     D:5: 1228 daAuts
     D:3: 840 daAuts
     D:2: 786 daAuts
     D:1: 727 daAuts
     D:4: 562 daAuts
     D:6: 25 daAuts
